% Time on Ice - VICTORIA GLADIATORS
Lines # - Real PCT - Wanted PCT - Time Play
Normal Forward
1 - 36% - 37% - 16:43
2 - 33% - 34% - 15:01
3 - 21% - 24% - 9:28
4 - 11% - 5% - 4:55
Normal Defense
1 - 40% - 40% - 18:26
2 - 36% - 35% - 16:31
3 - 24% - 25% - 11:10
4 - 0% - 0% - 0:00
PP Forward
1 - 57% - 55% - 2:15
2 - 43% - 45% - 1:43
PP Defense
1 - 53% - 55% - 2:06
2 - 47% - 45% - 1:52
PK Forward
1 - 58% - 55% - 5:44
2 - 42% - 45% - 4:11
PK Defense
1 - 50% - 55% - 4:59
2 - 50% - 45% - 4:56
PK3 Forward
1 - 0% - 55%
2 - 0% - 45%
PK3 Defense
1 - 0% - 55%
2 - 0% - 45%
44 Forward
1 - 0% - 55%
2 - 0% - 45%
44 Defense
1 - 0% - 55%
2 - 0% - 45%
Last Minute Offensive  - 0:00
Last Minute Defensive  - 0:00
Total
Forward - 60:00
Defense - 60:00
% Time on Ice - LOS ANGELES SEALS
Lines # - Real PCT - Wanted PCT - Time Play
Normal Forward
1 - 31% - 36% - 14:29
2 - 26% - 31% - 11:48
3 - 27% - 23% - 12:31
4 - 16% - 10% - 7:19
Normal Defense
1 - 37% - 36% - 16:54
2 - 31% - 31% - 14:27
3 - 29% - 23% - 13:25
4 - 3% - 10% - 1:21
PP Forward
1 - 44% - 55% - 4:22
2 - 56% - 45% - 5:33
PP Defense
1 - 48% - 55% - 4:46
2 - 52% - 45% - 5:09
PK Forward
1 - 51% - 55% - 2:02
2 - 49% - 45% - 1:56
PK Defense
1 - 34% - 55% - 1:21
2 - 66% - 45% - 2:37
PK3 Forward
1 - 0% - 55%
2 - 0% - 45%
PK3 Defense
1 - 0% - 55%
2 - 0% - 45%
44 Forward
1 - 0% - 55%
2 - 0% - 45%
44 Defense
1 - 0% - 55%
2 - 0% - 45%
Last Minute Offensive  - 0:00
Last Minute Defensive  - 0:00
Total
Forward - 60:00
Defense - 60:00
Play-by-Play 1st period 0:01 of 1st period - Anze Kopitar wins face-off versus Bo Horvat in neutral zone. 1:48 of 1st period - Off-side. 1:49 of 1st period - Derek Grant wins face-off versus Turner Elson in neutral zone. 1:56 of 1st period - Shot by Torey Krug. 1:56 of 1st period - Stopped by Carter Hutton with a rebound. 2:21 of 1st period - Jared McCann is hit by Nathan Paetsch and loses puck. 2:37 of 1st period - Icing by Nate Prosser. 2:38 of 1st period - Turner Elson wins face-off versus Johan Larsson in LOS ANGELES SEALS zone. 2:38 of 1st period - Emil Bemstrom is hit by Andrew Cogliano and loses puck. 2:45 of 1st period - Shot by Jakub Voracek. 2:45 of 1st period - Stopped by Carter Hutton without a rebound. 2:46 of 1st period - Vincent Trocheck wins face-off versus Zack Smith in LOS ANGELES SEALS zone. 2:51 of 1st period - Shot by Vincent Trocheck. 2:51 of 1st period - Shot Blocked by Marcus Pettersson. 3:21 of 1st period - Shot by Patrick Maroon. 3:21 of 1st period - Shot Misses the Net. 3:23 of 1st period - Shot by Zack Smith. 3:23 of 1st period - Stopped by Carter Hart with a rebound. 3:30 of 1st period - Icing by Brady Skjei. 3:31 of 1st period - Bo Horvat wins face-off versus Vincent Trocheck in VICTORIA GLADIATORS zone. 3:34 of 1st period - Shot by Bo Horvat. 3:34 of 1st period - Shot Misses the Net. 4:02 of 1st period - Shot by Marcus Johansson. 4:02 of 1st period - Stopped by Carter Hart with a rebound. 4:55 of 1st period - Bryan Rust is hit by Frank Corrado. 5:01 of 1st period - Max Domi is hit by Anze Kopitar. 5:41 of 1st period - Shot by Jared McCann. 5:41 of 1st period - Shot Misses the Net. 6:28 of 1st period - Minor Penalty to Nate Prosser for Tripping. 6:29 of 1st period - Anze Kopitar wins face-off versus Turner Elson in LOS ANGELES SEALS zone. 7:16 of 1st period - Icing by Vincent Trocheck. 7:17 of 1st period - Vincent Trocheck wins face-off versus Tyler Johnson in VICTORIA GLADIATORS zone. 7:23 of 1st period - Off-side. 7:24 of 1st period - Anze Kopitar wins face-off versus Jason Zucker in neutral zone. 8:15 of 1st period - Icing by Torey Krug. 8:16 of 1st period - Vincent Trocheck wins face-off versus Jason Zucker in VICTORIA GLADIATORS zone. 8:25 of 1st period - Shot by Conor Garland. 8:25 of 1st period - Stopped by Carter Hutton with a rebound. 8:34 of 1st period - Icing by Patrick Maroon. 8:35 of 1st period - Vincent Trocheck wins face-off versus Zack Smith in LOS ANGELES SEALS zone. 8:35 of 1st period - Conor Garland is hit by Nathan Paetsch and loses puck. 9:02 of 1st period - Shot by Tanner Pearson. 9:02 of 1st period - Shot Blocked by Zack Smith. 9:04 of 1st period - Shot by Duncan Keith. 9:04 of 1st period - Goal by Duncan Keith - VICTORIA GLADIATORS : 1 - LOS ANGELES SEALS : 0. 9:05 of 1st period - Bo Horvat wins fa